 Dungeon Crawl Stone Soup version 0.29.1-2-gbd0b4ee654 (webtiles) character file.

Game seed: 8271373176540079763

97 GigaChad the Covered (level 4, -2/40 HPs)
             Began as a Minotaur Fighter on Nov 22, 2022.
             Was a Priest of Uskayaw.
             Slain by a gnoll
             ... wielding a +0 halberd
              (4 damage)
             ... on level 4 of the Dungeon.
             The game lasted 00:05:51 (2373 turns).

GigaChad the Covered (Minotaur Fighter)             Turns: 2373, Time: 00:05:53

Health: -2/40      AC: 12    Str: 23    XL:     4   Next: 42%
Magic:  3/3        EV:  6    Int:  5    God:    Uskayaw [***...]
Gold:   136        SH:  4    Dex:  9    Spells: 3/3 levels left

rFire   . . .      SeeInvis .   t - +1 scimitar (venom)
rCold   . . .      Faith    .   c - +0 buckler
rNeg    . . .      Spirit   .   o - +0 plate armour
rPois   .          Reflect  .   (helmet restricted)
rElec   .          Harm     .   (no cloak)
rCorr   .          Rampage  .   (no gloves)
Will    .....                   (no boots)
Stlth   ..........              r - amulet of the acrobat
HPRegen 0.13/turn               (no ring)
MPRegen 0.08/turn               (no ring)

@: no status effects
A: horns 2, retaliatory headbutt
a: Renounce Religion, Stomp, Line Pass


You were on level 4 of the Dungeon.
You worshipped Uskayaw.
Uskayaw was noncommittal.
You visited 1 branch of the dungeon, and saw 4 of its levels.

You collected 136 gold pieces.

Inventory:

Hand Weapons
 a - a +0 war axe
 t - a +1 scimitar of venom (weapon)
Missiles
 q - 2 throwing nets (quivered)
Armour
 b - a +0 scale mail
 c - a +0 buckler (worn)
 k - a +0 chain mail
 o - a +0 plate armour (worn)
Jewellery
 i - a ring of fire
 n - a ring of protection from fire
 p - a ring of wizardry
 r - an amulet of the acrobat (around neck)
Wands
 l - a wand of iceblast (11)
Scrolls
 e - a scroll of acquirement {unknown}
 g - a scroll of teleportation
 s - a scroll of magic mapping {unknown}
 u - a scroll of torment {unknown}
Potions
 d - 2 potions of might
 f - 2 potions of degeneration {unknown}
 h - a potion of cancellation {unknown}
 j - a potion of invisibility {unknown}
 m - 3 potions of curing {unknown}
 w - 2 potions of heal wounds {unknown}


   Skills:
 + Level 4.2 Fighting
 * Level 1.7 Long Blades
 + Level 3.4 Axes
 + Level 4.6 Armour
 + Level 4.0 Shields


You had 3 spell levels left.
You didn't know any spells.
Your spell library contained the following spells:

 Spells                   Type           Power      Damage    Failure   Level
 Apportation              Tloc           0%         N/A       100%        1
 Magic Dart               Conj           0%         1d3       100%        1
 Necrotise                Necr           0%         1d4       100%        1
 Summon Small Mammal      Summ           0%         N/A       100%        1
 Ensorcelled Hibernation  Hex/Ice        0%         N/A       100%        2
 Scorch                   Fire           0%         2d5       100%        2
 Searing Ray              Conj           0%         2d4       100%        2
 Call Canine Familiar     Summ           0%         N/A       100%        3
 Portal Projectile        Hex/Tloc       0%         N/A       100%        3
 Spider Form              Tmut/Pois      0%         N/A       100%        3
 Anguish                  Hex/Necr       0%         N/A       100%        4
 Flame Wave               Conj/Fire      0%         2d4       100%        4
 Fulminant Prism          Conj/Hex       0%         3d6       100%        4
 Leda's Liquefaction      Hex/Erth       0%         N/A       100%        4
 Summon Cactus Giant      Summ           0%         N/A       100%        6


Dungeon Overview and Level Annotations

Branches:
Dungeon (4/15)
 Temple: D:4-7

Altars:
Qazlal
Uskayaw

Shops:
D:1 *(


Innate Abilities, Weirdness & Mutations

You have a pair of horns on your head.
You reflexively headbutt those who attack you in melee.


Message History

The orc attacks as you move away! The orc hits you but does no damage.
You block the orc's attack.
You hit the orc.
You kill the orc!
The orc hits you but does no damage. You block the gnoll's attack.
The gnoll hits you but does no damage. You block the orc's attack.
The gnoll hits you from afar with a +0 halberd.
The orc closely misses you.
Things that are here:
a +0 hand axe; a +0 leather armour The orc closely misses you.
You furiously retaliate!
You headbutt the orc!
You kill the orc!
A dart slug comes into view.
The gnoll closely misses you. x2; The gnoll completely misses you.
There is an open door here.
Things that are here:
a +0 hand axe; a +0 leather armour You slash the gnoll!
The gnoll is poisoned.
The gnoll is heavily wounded.
The gnoll completely misses you. You block the gnoll's attack.
The gnoll hits you but does no damage. The gnoll barely misses you.
You furiously retaliate!
You headbutt the gnoll, but do no damage.
Uskayaw will force your foes to helplessly watch your dance.
Uskayaw prepares the audience for your solo!
Unknown command.
The dart slug is no longer paralysed.
The gnoll is no longer paralysed. x4
The gnoll misses you.
You barely miss the gnoll.
The gnoll hits you from afar with a +0 halberd!
The gnoll hits you with a +0 whip.
The gnoll hits you from afar with a +0 halberd!
* * * LOW HITPOINT WARNING * * *
You slash the gnoll!
The gnoll looks as sick as possible!
You headbutt the gnoll.
You kill the gnoll! x2
The gnoll hits you with a +0 whip!
* * * LOW HITPOINT WARNING * * *
The gnoll hits you from afar with a +0 halberd.
You die...

##.. .. #.... +... ...
#.... #... ######...
#.... ##...##....w...
##.... ...............
#..... ...............
+..... ......g).......
#..... #..####J##
#.... #...g@)#
###+##.... #......#
+...#..... #......#
#...#..... #......#
#...#.....
#......######...##<...
####........#...##....
#........#....†....
#........#....#....
#........'....#....


You could see 2 gnolls, a dart slug and an endoplasm.

Vanquished Creatures
  Ijyb (D:3)
  2 gnolls (D:4)
  2 adders
  2 adder skeletons (D:2)
  2 dart slugs
  3 orcs (D:4)
  4 bats
  A bat skeleton (D:2)
  An endoplasm (D:3)
  A giant cockroach (D:3)
  A goblin (D:1)
  5 hobgoblins
  2 kobolds
  4 quokkas
  7 ball pythons
  2 ball python zombies (D:2)
  A frilled lizard (D:3)
41 creatures vanquished.

Vanquished Creatures (others)
  2 withered plants (D:2)
2 creatures vanquished.

Grand Total: 43 creatures vanquished

Notes
Turn   | Place    | Note
-------+----------+-------------------------------------------
     0 | D:1      | GigaChad the Minotaur Fighter began the quest for the Orb.
     0 | D:1      | Reached XP level 1. HP: 19/19 MP: 0/0
   205 | D:1      | Found Akhoigit's General Store.
   562 | D:1      | Reached XP level 2. HP: 27/27 MP: 1/1
   713 | D:1      | Found Cobol's Antique Weapon Boutique.
  1080 | D:2      | Reached XP level 3. HP: 30/33 MP: 2/2
  1323 | D:2      | Found a faded altar of an unknown god.
  1329 | D:2      | Prayed at the altar of an unknown god.
  1329 | D:2      | Became a worshipper of Uskayaw the Reveller
  1329 | D:2      | Reached * piety under Uskayaw
  1604 | D:3      | Noticed Ijyb
  1614 | D:3      | Killed Ijyb
  1615 | D:3      | Reached skill level 1 in Long Blades
  1615 | D:3      | Reached XP level 4. HP: 36/40 MP: 3/3
  1847 | D:3      | Found a stormy altar of Qazlal.
  2364 | D:4      | Reached ** piety under Uskayaw
  2370 | D:4      | Reached *** piety under Uskayaw
  2373 | D:4      | HP: 2/40 [gnoll/+0 whip (8)]
  2373 | D:4      | Slain by a gnoll

Illustrated notes

Levels and vault maps discovered:
D:1:      dpeg_arrival_renting, layout_basic, serial_shops, shop, shop,
          minmay_pentomino_o4
D:2:      layout_basic, serial_undead, serial_undead_b, serial_undead_e,
          serial_undead_d, serial_undead_a, nicolae_ecumenical_pavilion
D:3:      layout_loops_corners, lemuel_round_altar, uniq_ijyb
D:4:      layout_gridville, minmay_temple_entry_tees, st_stairs_8,
          minmay_misc_feat_more_columns

Skill      XL: |  1  2  3 |
---------------+----------+-----
Armour         | 4 |  4.6
Fighting       | 4 |  4.2
Long Blades    | 1 |  1.7
Axes           | 3 |  3.4
Shields        | 4 |  4.0

Action                   |  1- 3 |  4- 6 || total
-------------------------+-------+-------++-------
Melee: War axe           |    35 |       ||    35
       Headbutt          |     6 |     3 ||     9
       Scimitar          |    17 |    20 ||    37
  Use: Scroll            |     5 |     2 ||     7
Armor: Scale mail        |    14 |       ||    14
       Chain mail        |     5 |       ||     5
       Plate armour      |    37 |    13 ||    50
Dodge: Dodged            |    27 |    19 ||    46
Block: Buckler           |    19 |     6 ||    25
